cohdb
Replays
Latest Replays
All Replays
Popular Replays
Top Player Replays
Match Explorer
How It Works
Community
CoH3 Stats
Reddit
Sign in to upload your games and track your stats! →
Sign in with Steam
Match 45207389
Unlisted
Match 45207389
Overview
Messages
Build Orders
End
Kettenkrad Recon Vehicle
Construct Infanterie Kompanie
Construct Infanterie Kompanie
Grenadier Squad
Grenadier Squad
Grenadier Squad
Medical Station
Construct Luftwaffe Kompanie
Construct Panzergrenadier Kompanie
Selects Breakthrough Battlegroup
Selects Assault Grenadiers
Selects Rapid Production
251 Medium Carrier
Pak 40 Anti-tank Gun Team
Panzergrenadier Squad
Panzergrenadier Squad
Panzergrenadier Officer Quarters
Support Elements
Nebelwerfer 42 Rocket Launcher Team
Construct Panzer Kompanie
Selects Blitzkrieg
Construct Luftwaffe Kompanie
Nebelwerfer 42 Rocket Launcher Team
Construct Panzer Kompanie
Wirbelwind Flakpanzer
Panzergrenadier Squad
Wirbelwind Flakpanzer
Repair Bunker
MG 42 Bunker
乌拉
Leiarde
CAuMOH
K̳itsuné
0
0
Comments
sign in to comment!
No comments posted yet!